 Dungeon Crawl Stone Soup version 0.27-a0-1322-gfdffb62a71 (webtiles) character file.

Game seed: 12920666784417809258

75 lunkers the Gusty (level 4, -3/24 HPs)
             Began as a Tengu Air Elementalist on June 22, 2021.
             Slain by an adder (5 damage)
             ... on level 3 of the Dungeon.
             The game lasted 00:06:28 (2830 turns).

lunkers the Gusty (Tengu Air Elementalist)          Turns: 2830, Time: 00:06:29

Health: -3/24      AC:  2    Str:  8    XL:     4   Next: 31%
Magic:  2/8        EV: 12    Int: 16    God:
Gold:   38         SH:  0    Dex: 15    Spells: 2/8 levels left

rFire    . . .     SeeInvis .   i - +0 short sword
rCold    . . .     Faith    .   (no shield)
rNeg     . . .     Spirit   .   a - +0 robe
rPois    .         Reflect  .   (helmet restricted)
rElec    .         Harm     .   (no cloak)
rCorr    .         Rampage  .   (no gloves)
Will     .....                  (boots unavailable)
Stlth    ++........             (no amulet)
HPRegen  0.08/turn              (no ring)
MPRegen  0.11/turn              (no ring)

@: lethally poisoned (-3 -> -8), very slightly contaminated
A: beak, talons 3
a: no special abilities


You were on level 3 of the Dungeon.
You visited 1 branch of the dungeon, and saw 3 of its levels.

You collected 38 gold pieces.

Inventory:

Hand Weapons
 i - a +0 short sword (weapon)
Missiles
 n - 3 atropa-tipped darts
Armour
 a - a +0 robe (worn)
Scrolls
 d - 2 scrolls of teleportation {unknown}
 f - 2 scrolls of identify {unknown}
 g - a scroll of holy word {unknown}
 j - a scroll of brand weapon {unknown}
 k - a scroll of amnesia {unknown}
 l - a scroll of vulnerability {unknown}
 o - a scroll of magic mapping {unknown}
Potions
 b - 2 potions of attraction {unknown}
 c - a potion of heal wounds {unknown}
 e - a potion of haste {unknown}
 h - 3 potions of curing {unknown}
 m - 2 potions of might {unknown}
 p - a potion of magic {unknown}


   Skills:
 - Level 2.1 Dodging
 - Level 2.0 Stealth
 + Level 2.6 Spellcasting
 + Level 2.9 Conjurations
 * Level 5.5 Air Magic


You had 2 spell levels left.
You knew the following spells:

 Your Spells              Type           Power      Damage    Failure   Level
a - Shock                 Conj/Air       60%        1d6       3%          1
b - Static Discharge      Conj/Air       15%        N/A       5%          2
c - Swiftness             Air            19%        N/A       6%          3

Your spell library contained the following spells:

 Spells                   Type           Power      Damage    Failure   Level
 Airstrike                Air            9%         N/A       21%         4
 Lightning Bolt           Conj/Air       7%         1d20      67%         5


Dungeon Overview and Level Annotations

Branches:
Dungeon (3/15)

Altars:
Trog


Innate Abilities, Weirdness & Mutations

You have a beak for a mouth.
You have claws for feet.


Message History

Casting: Shock (safe; 3% risk of failure)
Confirm with . or Enter, or press ? or * to list all spells.
The zap hits the hobgoblin but does no damage.
The hobgoblin is almost dead.
The adder hisses angrily.
An adder comes into view.
Found a chain mail.
A bat comes into view.
The adder bites you. The hobgoblin barely misses you.
Found a stone staircase leading up.
You hit the hobgoblin but do no damage.
The hobgoblin is almost dead.
The adder barely misses you.
The hobgoblin hits you with a +0 rapier!
* * * LOW HITPOINT WARNING * * *
The adder bites you.
* * * LOW HITPOINT WARNING * * *
Casting: Shock (safe; 3% risk of failure)
Confirm with . or Enter, or press ? or * to list all spells.
The hobgoblin is struck by an arc of lightning!
You kill the hobgoblin!
The adder is struck by an arc of lightning.
The adder is moderately wounded.
You are struck by an arc of lightning.
* * * LOW HITPOINT WARNING * * *
The lightning grounds out.
The adder is struck by an arc of lightning!
The adder is almost dead.
You are struck by an arc of lightning.
* * * LOW HITPOINT WARNING * * *
The lightning grounds out.
The adder barely misses you. The adder misses you.
Casting: Static Discharge (safe; 5% risk of failure)
Confirm with . or Enter, or press ? or * to list all spells.
You miscast Static Discharge.
You are very lightly contaminated with residual magic.
Nothing appears to happen.
The adder bites you.
* * * LOW HITPOINT WARNING * * *
You are lethally poisoned!
The adder poisons you! The adder bites you.
You die...

...b< ....
... .. #'
###.#####
##.......##
#...)@.<..#
#...SS##..#
......... ..#
###.....##..#
#..#... ...
#...... ..##
..[..... .##
###########


You could see 2 adders and a bat (asleep).

Vanquished Creatures
  2 adders
  2 worms (D:2)
  2 ball pythons
  4 bats
  2 endoplasms (D:1)
  2 giant cockroaches (D:1)
  4 goblins
  7 hobgoblins
  2 jackals (D:2)
  7 kobolds
  2 quokkas
  10 frilled lizards
  5 rats
51 creatures vanquished.

Vanquished Creatures (others)
  5 plants (D:1)
5 creatures vanquished.

Grand Total: 56 creatures vanquished

Notes
Turn   | Place    | Note
-------+----------+-------------------------------------------
     0 | D:1      | lunkers the Tengu Air Elementalist began the quest for the
                  | Orb.
     0 | D:1      | Reached XP level 1. HP: 10/10 MP: 4/4
   245 | D:1      | Reached XP level 2. HP: 15/15 MP: 0/6
   637 | D:1      | Learned a level 2 spell: Static Discharge
   660 | D:1      | Reached XP level 3. HP: 9/19 MP: 0/7
  1292 | D:2      | Learned a level 3 spell: Swiftness
  1303 | D:2      | Found a bloodstained altar of Trog.
  1401 | D:2      | Found a faded altar of an unknown god.
  1434 | D:2      | Reached skill level 5 in Air Magic
  2382 | D:3      | Reached XP level 4. HP: 24/24 MP: 5/8
  2754 | D:3      | Noticed a sky beast
  2830 | D:3      | Slain by an adder

Illustrated notes

Levels and vault maps discovered:
D:1:      dpeg_arrival_three_same_balls, layout_basic, minmay_lizard_king
D:2:      layout_basic, basic_ecumenical_altar, basic_altar
D:3:      layout_loops_corners, nicolae_overflow_hidden_temple,
          nicolae_dithmenos_the_darkroom, cheibrodos_gnoll_hut

Skill      XL: |  1  2  3 |
---------------+----------+-----
Conjurations   | 2 |  2.9
Air Magic      | 5 |  5.5
Dodging        | |  2.1
Stealth        | |  2.0
Spellcasting   | |  2.6

Action                   |  1- 3 |  4- 6 || total
-------------------------+-------+-------++-------
Melee: Unarmed           |     4 |       ||     4
       Short sword       |     7 |     4 ||    11
       Kick              |     1 |     1 ||     2
 Cast: Shock             |    75 |    24 ||    99
       Static Discharge  |     3 |     1 ||     4
Armor: Robe              |     5 |       ||     5
Dodge: Dodged            |    17 |     9 ||    26

Table legend: (Time is in decaauts)
 A = Elapsed time spent in this place.
 B = Non-inter-level travel time spent in this place.
 C = Inter-level travel time spent in this place.
 D = Time resting spent in this place.
 E = Time spent auto-exploring this place.
 F = Levels seen in this place.
 G = Mean time per level.
                   A        B        C        D        E       F      G
               +--------+--------+--------+--------+--------+-----+--------+
         Total |   2831 |   2746 |     85 |    185 |   2188 |   3 |  943.7 |
       Dungeon |   2831 |   2746 |     85 |    185 |   2188 |   3 |  943.7 |
               +--------+--------+--------+--------+--------+-----+--------+

Top non-repeatable levels by time:
     D:1: 1285 daAuts
     D:2: 1115 daAuts
     D:3: 429 daAuts
